 Dungeon Crawl Stone Soup version 0.18-a0-1730-g73f0523 (webtiles) character file.

383 4thArraOfDagon the Slasher (level 6, 0/47 HPs)
             Began as a Hill Orc Wanderer on Apr 10, 2016.
             Was an Initiate of Beogh.
             Slain by a human zombie (4 damage)
             ... in an ossuary.
             The game lasted 00:06:07 (937 turns).

4thArraOfDagon the Slasher (Hill Orc Wanderer)       Turns: 937, Time: 00:06:07

Health: 0/47       AC:  7    Str: 14 (17) XL:     6   Next: 76%
Magic:  16/16      EV:  9    Int:  9      God:    Beogh [......]
Gold:   70         SH:  0    Dex: 11 (13) Spells: 0 memorised, 7 levels left

rFire  . . .     SeeInvis .     a - +2 falchion
rCold  . . .     Gourm    .     k - +0 scale mail
rNeg   . . .     Faith    .     (no shield)
rPois  .         Spirit   .     (no helmet)
rElec  .         Dismiss  .     (no cloak)
rCorr  +         Reflect  .     (no gloves)
SustAt .         Harm     .     (no boots)
MR     .....                    (no amulet)
Stlth  ..........               o - ring of resist corrosion
                                j - ring of magical power

@: not resistant to hostile enchantments, extremely unstealthy
A: no striking features
a: Renounce Religion


You were in an ossuary.
You worshipped Beogh.
Beogh was noncommittal.
You were not hungry.

You visited 1 branch of the dungeon, and saw 7 of its levels.
You also visited: Ossuary.

You collected 70 gold pieces.

Inventory:

Hand Weapons
 a - a +2 falchion (weapon)
Armour
 d - a +0 robe
 g - a +0 ring mail
 k - a +0 scale mail (worn)
Jewellery
 j - a ring of magical power (left hand)
 o - a ring of resist corrosion (right hand)
Wands
 m - a wand of acid (0/15)
Scrolls
 e - a scroll of enchant armour
 h - 2 scrolls of random uselessness {unknown}
 i - a scroll of identify
 r - a scroll of immolation
Potions
 l - a potion of degeneration
 q - a potion of cancellation
Books
 b - the Guide on Sinister Magic

   Spells                             Type                      Level
   a - Animate Skeleton               Necromancy                   1
   b - Vampiric Draining              Necromancy                   3
 c - the Reference Book on Envenoming

   Spells                             Type                      Level
   a - Sting                          Conjuration/Poison           1
   b - Spider Form                    Transmutation/Poison         3
 n - the Reference Book on Feathery Displacement
   (You found it on level 6 of the Dungeon)

   Spells                             Type                      Level
   a - Swiftness                      Charms/Air                   2
   b - Portal Projectile              Translocation                3
   c - Passage of Golubria            Translocation                4
   d - Deflect Missiles               Charms/Air                   6
Comestibles
 f - 2 bread rations


   Skills:
 - Level 1.2 Fighting
 * Level 6.5 Long Blades
 - Level 1.0 Throwing
 + Level 3.5 Armour
 - Level 1.0 Spellcasting
   Level 1.0 Conjurations
   Level 2.6 Poison Magic
 + Level 0.6 Invocations
 - Level 1.0 Evocations


You had 7 spell levels left.
You didn't know any spells.

Dungeon Overview and Level Annotations

Branches:
Dungeon (7/15)
 Temple: D:4-7

Altars:
Elyvilon
Ru


Message History

The mummy hits you!
* * * LOW HITPOINT WARNING * * *
You hit the mummy.
The mummy is almost destroyed.
You hit the mummy but do no damage.
The mummy is almost destroyed.
The mummy barely misses you.
You completely miss the mummy.
The mummy is almost destroyed.
You hit the mummy.
You destroy the mummy!
Beogh accepts your kill.
You hit the human zombie. The human zombie hits you.
* * * LOW HITPOINT WARNING * * *
You slash the human zombie! The human zombie barely misses you.
You hit the human zombie. You closely miss the human zombie.
The human zombie hits you.
* * * LOW HITPOINT WARNING * * *
You hit the human zombie. The human zombie hits you.
You die...

### ##.## # ..?
##### # !.. #?!! #
#M# ?!! # #.# #.#
###M### #^### #
##.....## ##ZZ@#
###.......###..###
.#...Z.....#...+
.'....⌠....'...#
.#.........#...+
###.......###..# #
##.....## ##.+
###'### #.# #.#
##.##


You could see a hobgoblin zombie and a human zombie.

Vanquished Creatures
  Edmund (D:6)
  A centaur zombie (Ossuary)
  A hound (D:5)
  An orc wizard (D:4)
  A giant frog skeleton (D:6)
  An iguana (D:4)
  A worker ant (D:6)
  4 mummies (Ossuary)
  2 adders (D:4)
  A giant gecko (D:4)
  4 orcs
  A ball python (D:1)
  4 giant cockroaches
  3 goblins
  3 hobgoblins (D:1)
  4 kobolds
  3 bats
36 creatures vanquished.

Vanquished Creatures (others)
  An iguana (D:5)
  4 orcs (D:5)
5 creatures vanquished.

Grand Total: 41 creatures vanquished

Notes
Turn   | Place    | Note
--------------------------------------------------------------
     0 | D:1      | 4thArraOfDagon the Hill Orc Wanderer began the quest for the Orb.
     0 | D:1      | 4thArraOfDagon set off with: a +2 falchion, the Guide on Sinister Magic, the Reference Book on Envenoming, a +0 robe, a bread ration
     0 | D:1      | Reached XP level 1. HP: 16/16 MP: 2/2
     2 | D:1      | Identified the Guide on Sinister Magic
     2 | D:1      | Identified the Reference Book on Envenoming
    78 | D:1      | Reached skill level 3 in Long Blades
    78 | D:1      | Reached XP level 2. HP: 17/23 MP: 3/3
   217 | D:3      | HP: 1/23 [giant cockroach (2)]
   271 | D:5      | Entered Level 5 of the Dungeon
   271 | D:5      | Noticed an ice beast
   282 | D:4      | Found a sacrificial altar of Ru.
   298 | D:4      | Reached skill level 4 in Long Blades
   298 | D:4      | Reached skill level 1 in Armour
   298 | D:4      | Reached XP level 3. HP: 9/28 MP: 4/4
   307 | D:4      | Reached XP level 4. HP: 13/35 MP: 5/5
   410 | D:6      | Noticed Edmund
   422 | D:6      | Killed Edmund
   422 | D:6      | Reached skill level 5 in Long Blades
   422 | D:6      | Reached XP level 5. HP: 14/40 MP: 6/6
   502 | D:6      | Noticed an ice beast
   542 | D:6      | HP: 2/40 [giant frog skeleton (4)]
   543 | D:6      | Reached XP level 6. HP: 2/47 MP: 7/7
   564 | D:6      | Identified the Reference Book on Feathery Displacement
   588 | D:7      | Noticed a hippogriff
   639 | D:5      | Found a white marble altar of Elyvilon.
   646 | D:5      | Noticed an orc warrior
   652 | D:5      | Became a worshipper of Beogh the Brigand
   668 | D:5      | Reached skill level 6 in Long Blades
   785 | D:4      | Found a sand-covered staircase.
   790 | Ossuary  | Entered an ossuary
   937 | Ossuary  | Slain by a human zombie

Vault maps used:
D:1:      dpeg_arrival_court, hangedman_decor_growths
D:2:      uniq_crazy_yiuf_cottage
D:3:      bloody_makhleb, first_bread, serial_bayou, serial_bayou_pond_e,
          serial_bayou_pond_a, serial_bayou_crossing, serial_bayou_lagoon_b
D:4:      kennysheep_mini_moat, fedhas_altar_4,
          nicolae_ru_great_annihilating_truth, enter_ossuary_2,
          uniq_blork_the_orc, uniq_sigmund, uniq_duvessa, uniq_natasha
D:5:      basic_altar, kennysheep_generic_room_7
D:6:      st_stairs_12, uniq_edmund
D:7:      minmay_temple_entry_trees, uniq_joseph, uniq_pikel
Ossuary:  ossuary_crypta

Skill      XL: |  1  2  3  4  5  6 |
---------------+-------------------+-----
Long Blades    | 3 4 5 6 |  6.5
Armour         | 1 2 3 |  3.5
Fighting       | |  1.2
Throwing       | |  1.0
Spellcasting   | |  1.0
Conjurations   | |  1.0
Poison Magic   | |  2.6
Invocations    | |  0.6
Evocations     | |  1.0

Action                   |  1- 3 |  4- 6 || total
-------------------------+-------+-------++-------
Melee: Falchion          |    57 |   109 ||   166
Throw: Throwing net      |     1 |     1 ||     2
Invok: Convert to Beogh  |       |     1 ||     1
Evoke: Wand              |       |     3 ||     3
  Use: Potion            |     2 |     9 ||    11
       Scroll            |       |     6 ||     6
 Stab: Held in net/web   |     1 |     1 ||     2
       Sleeping          |     1 |       ||     1
       Paralysed         |       |     3 ||     3
